 Dungeon Crawl Stone Soup version 0.27-a0-679-g77a6b55cf3 (webtiles) character file.

Game seed: 13603194902946543128

1226 Aapotti the Conjurer (level 8, -4/66 HPs)
             Began as a Demigod Conjurer on Mar 19, 2021.
             Slain by an ogre
             ... wielding a +0 giant club
              (15 damage)
             ... on level 6 of the Dungeon.
             The game lasted 00:20:50 (6770 turns).

Aapotti the Conjurer (Demigod Conjurer)             Turns: 6770, Time: 00:20:51

Health: -4/66      AC:  7    Str: 12    XL:     8   Next: 3%
Magic:  18/18      EV:  9    Int: 24    God:
Gold:   185        SH:  0    Dex: 12    Spells: 9/16 levels left

rFire    . . .     SeeInvis .   a - +2 falchion (vorpal)
rCold    . . .     Faith    .   (no shield)
rNeg     . . .     Spirit   .   h - +0 scale mail
rPois    .         Reflect  .   (no helmet)
rElec    .         Harm     .   (no cloak)
rCorr    .         Rampage  .   (no gloves)
Will     .....                  e - +0 pair of boots
Stlth    ..........             (no amulet)
HPRegen  0.21/turn              f - ring of wizardry
MPRegen  0.16/turn              s - ring of flight

@: no status effects
A: high mp 1, forlorn
a: Evoke Flight


You were on level 6 of the Dungeon.
You visited 1 branch of the dungeon, and saw 6 of its levels.

You collected 185 gold pieces.

Inventory:

Hand Weapons
 a - a +2 vorpal falchion (weapon)
Missiles
 d - 3 curare-tipped darts
 j - 46 poisoned darts
Armour
 e - a +0 pair of boots (worn)
 h - a +0 scale mail (worn)
Magical Staves
 l - a staff of air
Jewellery
 b - a ring of ice
 f - a ring of wizardry (right hand)
 s - a ring of flight (left hand)
Wands
 w - a wand of acid (8)
Scrolls
 i - a scroll of blinking {unknown}
 k - 2 scrolls of enchant weapon {unknown}
 m - a scroll of identify
 n - a scroll of amnesia {unknown}
 p - a scroll of silence {unknown}
 r - a scroll of holy word {unknown}
 t - a scroll of magic mapping {unknown}
Potions
 c - a potion of heal wounds
 g - 2 potions of attraction
 o - a potion of magic {unknown}
 q - a potion of lignification {unknown}
 u - a potion of brilliance {unknown}
 v - a potion of curing {unknown}
 x - a potion of resistance {unknown}


   Skills:
 - Level 4.0 Fighting
 - Level 2.5 Dodging
 - Level 2.0 Stealth
 + Level 4.8 Spellcasting
 + Level 6.6 Conjurations
 - Level 2.0 Hexes


You had 9 spell levels left.
You knew the following spells:

 Your Spells              Type           Power      Damage    Failure   Level
a - Magic Dart            Conj           100%       1d8       1%          1
b - Searing Ray           Conj           74%        3d6       1%          2
c - Fulminant Prism       Conj/Hex       13%        3d9       32%         4

Your spell library contained the following spells:

 Spells                   Type           Power      Damage    Failure   Level
 Corona                   Hex            16%        N/A       9%          1
 Dazzling Flash           Conj/Hex       52%        N/A       11%         3
 Animate Skeleton         Necr           10%        N/A       21%         1
 Apportation              Tloc           10%        N/A       21%         1
 Summon Small Mammal      Summ           20%        N/A       21%         1
 Iskenderun's Mystic Bla  Conj/Tloc      21%        2d6       43%         4


Dungeon Overview and Level Annotations

Branches:
Dungeon (6/15)
 Temple: D:4-7


Innate Abilities, Weirdness & Mutations

Your attributes grow dramatically as you level up.
You have an increased reservoir of magic. (+10% MP)
You shall have no god before yourself.


Message History

Okay, then.
Casting: Searing Ray (safe; 2% risk of failure)
Confirm with . or Enter, or press ? or * to list all spells.
The spell is quite dangerous to cast (32% risk of failure)!
Continue anyway?
Aiming: Fulminant Prism (quite dangerous; 32% risk of failure)
Press: ? - help, Dir - move target You conjure a prism of explosive energy!
A fulminant prism comes into view.
A centaur comes into view.
The howler monkey hits your fulminant prism.
The centaur wields a +0 shortbow.
The centaur shoots an arrow.
The arrow hits you.
Your fulminant prism crackles loudly.
A bullfrog comes into view.
The centaur shoots an arrow.
The arrow barely misses you.
Your fulminant prism explodes!
The blast of energy engulfs the howler monkey!!
You kill the howler monkey!
You climb upwards.
There is a stone staircase leading down here.
You start resting.
Magic restored.
You start resting.
HP restored.
You start waiting.
The sentinel's mark upon you fades away.
You climb downwards.
A jelly comes into view.
The bullfrog hits you.
The ogre hits you with a +0 giant club!!
An orc comes into view.
The bullfrog hits you. The jelly hits you but does no damage.
The ogre hits you with a +0 giant club!!
* * * LOW HITPOINT WARNING * * *
There is a stone staircase leading up, spattered with blood here.
Okay, then.
The bullfrog hits you.
* * * LOW HITPOINT WARNING * * *
The jelly hits you but does no damage. The ogre hits you with a +0 giant club!
You die...

#......#...#...
............#..
#..........#oF.
#.........#...#
......=......
...c.......
#..c...$..
#FJ.# #@..#
#.O.# #####


You could see an ogre, 2 bullfrogs, 2 centaurs, a jelly and an orc.

Vanquished Creatures
  A hornet zombie (D:6)
  3 ogres
  A kobold brigand (D:4)
  A scorpion (D:5)
  2 howler monkeys
  2 hounds
  2 bullfrog skeletons
  4 orc priests
  2 centaur skeletons (D:4)
  An iguana (D:5)
  Terence (D:3)
  Natasha (D:2)
  4 worker ants
  7 adders
  7 gnolls (D:2)
  A white imp (D:5)
  An ufetubus (D:5)
  2 oozes
  4 worms
  2 dart slugs
  3 leopard geckos
  5 orcs
  6 giant cockroaches
  4 goblins
  4 hobgoblins
  8 jackals
  5 bats
  2 frilled lizards (D:2)
  28 kobolds
  7 rats
121 creatures vanquished.

Vanquished Creatures (others)
  An adder skeleton (D:4)
  2 fulminant prisms
  53 plants (D:4)
56 creatures vanquished.

Grand Total: 177 creatures vanquished

Notes
Turn   | Place    | Note
-------+----------+-------------------------------------------
     0 | D:1      | Aapotti the Demigod Conjurer began the quest for the Orb.
     0 | D:1      | Reached XP level 1. HP: 14/14 MP: 5/5
   509 | D:1      | Reached XP level 2. HP: 20/20 MP: 2/7
   512 | D:1      | Learned a level 2 spell: Searing Ray
  1341 | D:2      | Reached skill level 4 in Conjurations
  1341 | D:2      | Reached XP level 3. HP: 27/27 MP: 1/8
  1344 | D:2      | Reached skill level 1 in Fighting
  1938 | D:2      | Reached XP level 4. HP: 35/35 MP: 6/10
  1947 | D:2      | Learned a level 4 spell: Fulminant Prism
  1956 | D:2      | Noticed an ogre
  2279 | D:2      | Noticed Natasha
  2292 | D:2      | Killed an ogre
  2293 | D:2      | Reached XP level 5. HP: 41/41 MP: 1/12
  2386 | D:2      | Killed Natasha
  2387 | D:2      | Reached skill level 5 in Conjurations
  3071 | D:3      | Noticed Terence
  3160 | D:3      | Killed Terence
  4054 | D:3      | Reached XP level 6. HP: 48/48 MP: 9/13
  4456 | D:4      | Reached skill level 1 in Hexes
  4978 | D:4      | Reached XP level 7. HP: 57/57 MP: 6/15
  5464 | D:5      | Entered Level 5 of the Dungeon
  5677 | D:5      | Identified the +3 war axe "Dunyhen" {vorpal, Dex+5}
  5942 | D:5      | Reached skill level 6 in Conjurations
  6661 | D:6      | Reached XP level 8. HP: 60/66 MP: 7/18
  6770 | D:6      | Slain by an ogre

Illustrated notes

Levels and vault maps discovered:
D:1:      dpeg_arrival_arbitrary_b, layout_loops_ring
D:2:      layout_basic, marbit_many_paths, uniq_natasha
D:3:      layout_basic, xom_teletrap_fun, minmay_misc_feat_room,
          glass_columns_c, uniq_terence
D:4:      kennysheep_kobold_camp, layout_rooms, lemuel_old_faithful
D:5:      layout_loops_corners, kennysheep_mini,
          nicolae_qazlal_scattered_showers, gammafunk_temple_overflow_pools,
          chequers_serial_rivers_micro_d
D:6:      cheibrodos_fzero, layout_rooms, nicolae_wu_jian_immortal_techniques

Skill      XL: |  1  2  3  4  5  6  7 |
---------------+----------------------+-----
Dodging        | 2 |  2.5
Spellcasting   | 2 3 4 |  4.8
Stealth        | 2 |  2.0
Conjurations   | 4 5 6 |  6.6
Fighting       | 1 2 3 4 |  4.0
Hexes          | 1 2 |  2.0

Action                   |  1- 3 |  4- 6 |  7- 9 || total
-------------------------+-------+-------+-------++-------
Melee: Short sword       |     6 |     1 |       ||     7
       Staff             |       |     3 |       ||     3
       War axe           |       |       |     1 ||     1
 Cast: Magic Dart        |    37 |    40 |    26 ||   103
       Searing Ray       |     8 |    38 |    16 ||    62
       Fulminant Prism   |       |     1 |     1 ||     2
  Use: Scroll            |       |     3 |       ||     3
Armor: Robe              |     1 |       |       ||     1
       Scale mail        |       |     7 |     6 ||    13
Dodge: Dodged            |     9 |    16 |     5 ||    30
       Rpst.: Falchion   |       |       |     1 ||     1

Table legend: (Time is in decaauts)
 A = Elapsed time spent in this place.
 B = Non-inter-level travel time spent in this place.
 C = Inter-level travel time spent in this place.
 D = Time resting spent in this place.
 E = Time spent auto-exploring this place.
 F = Levels seen in this place.
 G = Mean time per level.
                   A        B        C        D        E       F      G
               +--------+--------+--------+--------+--------+-----+--------+
         Total |   6778 |   6700 |     78 |   2048 |   3671 |   6 | 1129.7 |
       Dungeon |   6778 |   6700 |     78 |   2048 |   3671 |   6 | 1129.7 |
               +--------+--------+--------+--------+--------+-----+--------+

Top non-repeatable levels by time:
     D:2: 1907 daAuts
     D:5: 1222 daAuts
     D:3: 1210 daAuts
     D:1: 1186 daAuts
     D:4: 1167 daAuts
     D:6: 84 daAuts
